 Dungeon Crawl Stone Soup version 0.19.1-1-g22dce08 (webtiles) character file.

16854 Alarkh the Cleaver (level 12, -3/106 HPs)
             Began as a Deep Dwarf Monk on Jan 9, 2017.
             Was a High Priest of Makhleb.
             Slain by a blink frog (14 damage)
             ... on level 3 of the Lair of Beasts.
             The game lasted 00:29:09 (9155 turns).

Alarkh the Cleaver (Deep Dwarf Monk)                Turns: 9155, Time: 00:29:10

Health: -3/106     AC: 15    Str: 14    XL:     12   Next: 13%
Magic:  20/20      EV: 17    Int: 17    God:    Makhleb [*****.]
Gold:   621        SH:  0    Dex: 18    Spells: 3 memorised, 15 levels left

rFire  + + .     SeeInvis .     a - +4 battleaxe
rCold  + . .     Gourm    .     h - +2 leather armour {rF+}
rNeg   . . .     Faith    .     (shield currently unavailable)
rPois  .         Spirit   .     O - +2 hat {MR+}
rElec  .         Reflect  .     C - +1 cloak
rCorr  .         Harm     .     R - +1 pair of gloves
MR     ++...                    g - +2 pair of boots
Stlth  ++........               (no amulet)
                                T - +3 ring of dexterity
                                l - ring of protection from fire

@: non-regenerating, repel missiles
A: damage resistance, recharge devices, horns 1, cold resistance 1, sense
surroundings 2, slow regeneration 3
a: Device Recharging, Minor Destruction, Lesser Servant of Makhleb, Major
Destruction, Greater Servant of Makhleb, Renounce Religion


You were on level 3 of the Lair of Beasts.
You worshipped Makhleb.
Makhleb was extremely pleased with you.
You were hungry.

You visited 3 branches of the dungeon, and saw 13 of its levels.
You also visited: Volcano.

You collected 862 gold pieces.
You spent 241 gold pieces at shops.

Inventory:

Hand Weapons
 a - a +4 battleaxe (weapon)
Armour
 g - a +2 pair of boots (worn)
 h - a +2 leather armour of fire resistance (worn)
 C - a +1 cloak (worn)
 O - a +2 hat of magic resistance (worn)
 R - a +1 pair of gloves (worn)
Magical Staves
 S - an uncursed staff of poison
Jewellery
 i - an uncursed ring of protection from fire
 l - a ring of protection from fire (left hand)
 H - an uncursed ring of teleportation
 T - a +3 ring of dexterity (right hand)
Wands
 c - a wand of heal wounds (4/9)
 n - a wand of enslavement (6/24)
Scrolls
 b - a scroll of brand weapon {unknown}
 e - a scroll of identify
 f - a scroll of torment {unknown}
 k - 2 scrolls of blinking
 p - 6 scrolls of remove curse
 y - a scroll of silence {unknown}
 z - a scroll of teleportation {unknown}
 D - a scroll of enchant armour {unknown}
 K - a scroll of fear
 N - a scroll of random uselessness {unknown}
 P - a scroll of immolation {unknown}
 Q - a scroll of fog
 U - a scroll of vulnerability {unknown}
 X - a scroll of magic mapping {unknown}
Potions
 j - a potion of might
 o - a potion of heal wounds
 r - 2 potions of agility
 F - a potion of cancellation
 I - a potion of berserk rage
 L - 3 potions of brilliance
 W - 2 potions of magic
 Y - 3 potions of resistance
 Z - a potion of haste {unknown}
Comestibles
 d - 11 bread rations
 m - 8 fruits
 q - a meat ration


   Skills:
 - Level 6.4 Fighting
 - Level 13.2 Axes
 - Level 6.2 Armour
 - Level 7.0 Dodging
 - Level 2.4 Stealth
 + Level 5.7 Spellcasting
 + Level 5.1 Conjurations
 - Level 3.6 Charms
 - Level 6.2 Invocations
 - Level 6.6 Evocations


You had 15 spell levels left.
You knew the following spells:

 Your Spells              Type           Power        Failure   Level  Hunger
b - Blink                 Tloc           N/A          30%         2    #......
d - Repel Missiles        Chrm/Air       ##....       14%         2    #......
e - Conjure Flame         Conj/Fire      ##......     21%         3    ##.....


Dungeon Overview and Level Annotations

Branches:
Dungeon (9/15)             Temple (1/1) D:6            Lair (3/6) D:8
  Swamp (0/4) Lair:3        Snake (0/4) Lair:2          Orc (0/2) D:9

Altars:
Ashenzari
Cheibriados
Dithmenos
Elyvilon
Fedhas
Gozag
Hepliaklqana
Kikubaaqudgha
Makhleb
Nemelex Xobeh
Okawaru
Qazlal
Ru
Sif Muna
Trog
Uskayaw
Vehumet
Xom
Yredelemnul
Zin
The Shining One

Shops:
D:5 *


Innate Abilities, Weirdness & Mutations

You are resistant to damage.
You can recharge devices by infusing magical energy.
You passively map the area around you.
You do not regenerate.
You have a pair of small horns on your head.
Your flesh is cold resistant. (rC+)


Message History

Makhleb accepts your kill.
Your Conjurations skill increases to level 5!
The blink frog blinks!
The blink frog closely misses you.
Unknown command.
You are feeling hungry.
You miss the blink frog. You hit the blink frog. The blink frog hits you.
* * * LOW HITPOINT WARNING * * *
The blink frog blinks!
The blink frog misses you.
Unknown command.
You hit the blink frog.
The blink frog is almost dead.
The blink frog closely misses you.
The blink frog blinks! x2
You miss the blink frog. Your headbutt misses the blink frog.
The blink frog is almost dead.
The blink frog blinks!
The blink frog blinks! x2
You slash the blink frog!
The blink frog is heavily wounded.
The blink frog hits you!
You die...

, , , ,,,, * , , ,.........
* ,, ........##** , ,,
.........## , ..........## *
, , .........§.# , * *
...........# * *
*..........## # ,
#.######♣♣.≈...F@F..##.# *
.#.....##≈♣§§♣.........## ,,
......#.§♣≈≈≈♣♣........P## ,
......#♣♣§§≈≈♣♣.$†.......#
......#≈♣§§§§≈≈....§...... ,
, ......##≈≈§§§≈≈...........
, ,
†.....#.♣≈§§§§§.......>...,,
,,
........§♣§≈§§♣...........,
, ...####.♣♣♣≈§≈§.##......#.


You could see 2 blink frogs.

Vanquished Creatures
  A red draconian (Volcano)
  A hydra (Lair:1)
  A centaur warrior (Volcano)
  Nergalle (Lair:1)
  3 black mambas
  3 torpor snails (Lair:1)
  4 spiny frogs
  A rime drake (Lair:3)
  3 blink frogs
  3 hippogriffs
  A two-headed ogre (D:8)
  Prince Ribbit (D:4)
  A spriggan (D:9)
  4 basilisks
  A wyvern (D:6)
  12 yaks
  7 water moccasins
  Duvessa (D:4)
  5 porcupines
  4 orc warriors
  2 phantoms
  An ice beast (D:7)
  4 ogres
  A necrophage (D:6)
  6 wolves (Lair:2)
  9 centaurs
  4 crocodiles
  A big kobold (D:7)
  The ghost of Yoshimo the Vexing, an amateur SpEn (D:3)
  12 bullfrogs
  Dowan (D:4)
  5 scorpions
  A killer bee (Lair:1)
  4 wights (D:8)
  An electric eel (Lair:2)
  3 howler monkeys
  6 crimson imps
  A bullfrog zombie (D:8)
  2 bullfrog skeletons
  2 hounds
  2 jellies
  7 orc priests
  3 centaur skeletons
  3 orc wizards
  2 iguanas
  4 worker ants
  A hound skeleton (D:9)
  2 worker ant zombies
  4 gnolls
  14 adders
  4 oozes
  An adder skeleton (D:4)
  A worm (D:4)
  2 dart slugs (D:2)
  6 leopard geckos
  35 orcs
  A ball python (Lair:2)
  3 bats
  6 giant cockroaches
  4 goblins
  5 hobgoblins
  8 jackals
  9 kobolds
  3 quokkas
  4 frilled lizards
  A quokka skeleton (D:4)
  A quokka zombie (D:6)
  6 rats
  2 plants (Lair:2)
269 creatures vanquished.

Vanquished Creatures (others)
  A centaur (Volcano)
  A fungus (Lair:2)
2 creatures vanquished.

Grand Total: 271 creatures vanquished

Notes
Turn   | Place    | Note
-------+----------+-------------------------------------------
     0 | D:1      | Alarkh the Deep Dwarf Monk began the quest for the Orb.
     0 | D:1      | Reached XP level 1. HP: 20/20 MP: 1/1
    63 | D:1      | Reached skill level 4 in Axes
    63 | D:1      | Reached XP level 2. HP: 12/27 MP: 2/2
   199 | D:1      | Reached XP level 3. HP: 9/33 MP: 3/3
   555 | D:2      | Reached skill level 5 in Axes
   956 | D:2      | Reached XP level 4. HP: 31/40 MP: 4/4
  1614 | D:3      | Noticed Yoshimo's ghost (amateur SpEn)
  1737 | D:4      | Reached skill level 6 in Axes
  1737 | D:4      | Reached XP level 5. HP: 16/46 MP: 5/5
  1760 | D:4      | Noticed Duvessa
  1850 | D:5      | Entered Level 5 of the Dungeon
  1850 | D:5      | Noticed Prince Ribbit
  1862 | D:4      | Reached skill level 7 in Axes
  1981 | D:4      | Noticed Dowan
  1990 | D:4      | Killed Duvessa
  1990 | D:4      | Reached skill level 8 in Axes
  1990 | D:4      | Reached XP level 6. HP: 28/55 MP: 6/6
  1991 | D:4      | Killed Dowan
  2341 | D:4      | Reached XP level 7. HP: 36/61 MP: 7/7
  2371 | D:4      | Reached skill level 9 in Axes
  2414 | D:4      | Gained mutation: Your flesh is cold resistant. (rC+) [potion of beneficial mutation]
  2415 | D:4      | Gained mutation: You have a pair of small horns on your head. [potion of beneficial mutation]
  2781 | D:4      | Killed Prince Ribbit
  2781 | D:4      | Reached skill level 10 in Axes
  2796 | D:5      | Reached XP level 8. HP: 22/68 MP: 8/8
  2799 | D:5      | Found Afodugo's Assorted Antiques.
  2859 | D:5      | Reached skill level 1 in Armour
  2888 | D:5      | Bought 2 bubbling green potions for 46 gold pieces
  2888 | D:5      | Bought a scroll of enchant weapon for 195 gold pieces
  3212 | D:6      | Found a staircase to the Ecumenical Temple.
  3235 | Temple   | Entered the Ecumenical Temple
  3313 | Temple   | Became a worshipper of Makhleb the Destroyer
  3313 | Temple   | Reached * piety under Makhleb
  3313 | Temple   | Reached ** piety under Makhleb
  3382 | D:6      | Reached skill level 11 in Axes
  3681 | D:6      | Reached skill level 1 in Evocations
  3790 | D:6      | Reached skill level 1 in Invocations
  3790 | D:6      | Gained mutation: You passively map the area around you. [Deep Dwarf growth]
  3790 | D:6      | Reached XP level 9. HP: 47/78 MP: 10/10
  3961 | D:6      | Got a pitted helmet
  3962 | D:6      | Identified the +0 helmet "Cyruagen" {Int+5} (You found it on level 6 of the Dungeon)
  4347 | D:7      | Reached *** piety under Makhleb
  4349 | D:7      | Reached skill level 5 in Dodging
  4878 | D:3      | Killed Yoshimo's ghost
  5343 | D:8      | Reached skill level 12 in Axes
  5354 | D:8      | Reached skill level 5 in Fighting
  5404 | D:8      | Reached XP level 10. HP: 64/88 MP: 13/13
  5419 | D:8      | Learned a level 2 spell: Repel Missiles
  5422 | D:8      | Learned a level 2 spell: Blink
  5637 | D:8      | Found a staircase to the Lair.
  5812 | D:9      | Reached **** piety under Makhleb
  5850 | D:9      | Reached skill level 1 in Charms
  5952 | D:9      | Reached skill level 5 in Armour
  5952 | D:9      | Reached skill level 5 in Evocations
  5952 | D:9      | Reached skill level 1 in Spellcasting
  6091 | D:9      | Found a staircase to the Orcish Mines.
  6100 | D:9      | Found an iron altar of Okawaru.
  6494 | Lair:1   | Entered Level 1 of the Lair of Beasts
  6494 | Lair:1   | Noticed a four-headed hydra
  6513 | Lair:1   | Found a dark tunnel.
  6513 | Lair:1   | Noticed a spiny frog
  6518 | Lair:1   | Noticed Nergalle
  6522 | Lair:1   | Killed a spiny frog
  6522 | Lair:1   | Reached skill level 5 in Invocations
  6525 | Volcano  | Entered a volcano
  6541 | Volcano  | Noticed a centaur warrior
  6544 | Volcano  | Found a bloodstained altar of Trog.
  6544 | Volcano  | Noticed a red draconian
  6554 | Volcano  | Killed a centaur warrior
  6561 | Volcano  | Killed a red draconian
  6561 | Volcano  | Reached XP level 11. HP: 95/97 MP: 15/15
  6624 | Volcano  | Reached skill level 13 in Axes
  6802 | Lair:1   | Killed Nergalle
  7108 | Lair:2   | Found a staircase to the Snake Pit.
  7362 | Lair:2   | Learned a level 3 spell: Conjure Flame
  7455 | Lair:2   | Reached skill level 1 in Conjurations
  7619 | Lair:2   | Reached ***** piety under Makhleb
  8353 | Lair:1   | Killed a four-headed hydra
  8538 | Lair:1   | Found a snail-covered altar of Cheibriados.
  8555 | Lair:1   | Reached skill level 5 in Spellcasting
  8859 | Lair:3   | Reached XP level 12. HP: 47/106 MP: 19/19
  9126 | Lair:3   | Found a staircase to the Swamp.
  9148 | Lair:3   | Reached skill level 5 in Conjurations
  9155 | Lair:3   | Slain by a blink frog

Skill      XL: |  1  2  3  4  5  6  7  8  9 10 11 12 |
---------------+-------------------------------------+-----
Axes           | 4 5 6 8 10 11 12 13 | 13.2
Fighting       | 4 5 6 |  6.4
Armour         | 3 4 5 6 |  6.2
Dodging        | 4 5 6 7 |  7.0
Evocations     | 1 4 6 |  6.6
Invocations    | 1 4 5 6 |  6.2
Charms         | 2 3 |  3.6
Spellcasting   | 2 5 |  5.7
Conjurations   | 4 5 |  5.1
Stealth        | |  2.4

Action                   |  1- 3 |  4- 6 |  7- 9 | 10-12 || total
-------------------------+-------+-------+-------+-------++-------
Melee: Hand axe          |   137 |   181 |   130 |       ||   448
       Headbutt          |       |       |    71 |    82 ||   153
       War axe           |       |       |   229 |    20 ||   249
       Battleaxe         |       |       |       |   371 ||   371
 Cast: Conjure Flame     |       |       |       |     6 ||     6
       Blink             |       |       |       |     3 ||     3
       Repel Missiles    |       |       |       |     2 ||     2
Invok: Minor Destruction |       |       |     1 |       ||     1
       Lesser Servant of |       |       |     1 |       ||     1
Evoke: Wand              |     1 |     2 |    19 |     2 ||    24
  Use: Scroll            |     1 |     4 |    12 |     8 ||    25
       Potion            |       |     1 |     6 |     9 ||    16
 Stab: Sleeping          |     2 |     2 |     3 |     4 ||    11
       Paralysed         |       |       |     9 |       ||     9
  Eat: Chunk             |       |     5 |    10 |     9 ||    24
       Bread ration      |       |       |       |     1 ||     1
Armor: Robe              |     3 |       |       |       ||     3
       Leather armour    |    17 |    43 |   141 |   104 ||   305
       Plate armour      |       |       |       |    61 ||    61
Dodge: Dodged            |   102 |    96 |   296 |   359 ||   853
       Deflected         |       |       |       |     1 ||     1
